 Dungeon Crawl Stone Soup version 0.21.0-3-g78d12a8 (webtiles) character file.

63 Gorglomux the Caller (level 3, -4/14 HPs)
             Began as a Felid Summoner on Jan 8, 2018.
             Killed from afar by an orc wizard (5 damage)
             ... with a puff of flame
             ... on level 3 of the Dungeon.
             The game lasted 00:10:56 (2629 turns).

Gorglomux the Caller (Felid Summoner)               Turns: 2629, Time: 00:10:57

Health: -4/14      AC:  1    Str:  3 (4)  XL:     3   Next: 89%
Magic:  2/8        EV: 18    Int: 18 (21) God:
Gold:   67         SH:  0    Dex: 15 (16) Spells: 1/7 levels left
                                        Lives:  0   Deaths: 0

rFire    . . .     SeeInvis +   (weapon unavailable)
rCold    . . .     Gourm    .   (shield unavailable)
rNeg     . . .     Faith    .   (armour unavailable)
rPois    .         Spirit   .   (helmet unavailable)
rElec    .         Reflect  .   (cloak unavailable)
rCorr    .         Harm     .   (gloves unavailable)
MR       .....                  (boots unavailable)
Stlth    +++.......             (no amulet)
HPRegen  0.04/turn              j - +4 ring of intelligence
MPRegen  0.11/turn              s - ring of see invisible

@: quick
A: very small, no armour, no weapons or thrown items, stealth, claws 1, fangs 3,
see invisible, carnivore, speed 1, shaggy fur 1, slow metabolism 1, sharp paws
a: no special abilities


You were on level 3 of the Dungeon.
You were completely stuffed.

You visited 1 branch of the dungeon, and saw 3 of its levels.

You collected 67 gold pieces.

Inventory:

Jewellery
 j - a +4 ring of intelligence (left paw)
 s - a ring of see invisible (right paw)
Scrolls
 e - a scroll of remove curse {unknown}
 g - a scroll of fog {unknown}
 h - a scroll of amnesia {unknown}
 l - 2 scrolls of identify {unknown}
 o - a scroll of enchant weapon {unknown}
Potions
 c - a potion of berserk rage {unknown}
 d - 2 potions of degeneration
 k - a potion of haste {unknown}
 m - 2 potions of brilliance {unknown}
 n - 2 potions of heal wounds {unknown}
 u - 2 potions of curing {unknown}
Books
 a - a book of Callings

   Spells                             Type                      Level
   a - Summon Small Mammal            Summoning                    1
   b - Call Imp                       Summoning                    2
   c - Call Canine Familiar           Summoning                    3
   d - Summon Guardian Golem          Hexes/Summoning              3
   e - Summon Lightning Spire         Summoning/Air                4
   f - Summon Ice Beast               Ice/Summoning                4
 w - a book of Misfortune

   Spells                             Type                      Level
   a - Confusing Touch                Hexes                        1
   b - Confuse                        Hexes                        3
   c - Gell's Gravitas                Translocation                3
   d - Petrify                        Transmutation/Earth          4
   e - Metabolic Englaciation         Hexes/Ice                    5
   f - Yara's Violent Unravelling     Hexes/Transmutation          5
Comestibles
 b - 6 rations
 x - 2 chunks of flesh


   Skills:
 - Level 2.6 Dodging
 - Level 4.0 Stealth
 + Level 2.8 Spellcasting
 + Level 4.6 Summonings


You had one spell level left.
You knew the following spells:

 Your Spells              Type           Power        Failure   Level  Hunger
a - Summon Small Mammal   Summ           ###.         2%          1    None
b - Call Imp              Summ           ###.....     3%          2    ##.....
c - Call Canine Familiar  Summ           ###.....     8%          3    ###....


Dungeon Overview and Level Annotations

Branches:
Dungeon (3/15)

Altars:
Cheibriados


Innate Abilities, Weirdness & Mutations

You cannot wear armour.
You are incapable of wielding weapons or throwing items.
Your paws allow you to move quietly. (Stealth)
You have sharp claws.
You have razor-sharp teeth.
You have supernaturally acute eyesight. (SInv)
You are carnivorous and can eat meat at any time.
You cover ground quickly.
You are covered in fur. (AC +1)
You have a slow metabolism.
Your sharp claws are effective at attacking unaware monsters.


Message History

Your hound disappears in a puff of smoke!!!
The orc wizard closely misses you!
The orc wizard gestures at you while chanting!
The puff of flame hits you!!!
DANG Your crimson imp hits the orc wizard!
Butt's crimson imp hits the orc wizard!
The orc wizard barely misses you!
Found a ration!
Casting: Call Imp
Confirm with ! or Enter, or press ? or * to list all spells!
The orc wizard hits you with a dagger! * * * don't die
* * *
Okay, then!
It was a potion of degeneration!
There was something very wrong with that liquid!
You feel weakened!
You feel dopey!
You feel clumsy! The orc wizard casts a spell at you!
The puff of flame hits you!!! rip

..............#
..............#
....###.).....#
##..####.....## <
##...###.....####.#
..................
#.#............... #
..............#####..#
#.###..#.....##r@...#
............###o#####
.#####.......55.####
.####................#
.........%...........%
###.##.......######.##
o...##............ ..
)##.((........#### .
.##..).......##


You could see an orc wizard, a friendly iron imp, a friendly crimson imp and a
friendly rat.

Vanquished Creatures (collateral kills)
  5 adders
  A worm (D:2)
  3 dart slugs
  7 orcs
  5 bats
  2 giant cockroaches
  2 hobgoblins (D:2)
  4 jackals (D:3)
  A ball python (D:3)
  4 frilled lizards
  6 goblins
  5 kobolds
  5 rats
50 creatures vanquished.

Notes
Turn   | Place    | Note
-------+----------+-------------------------------------------
     0 | D:1      | Gorglomux the Felid Summoner began the quest for the Orb.
     0 | D:1      | Reached XP level 1. HP: 7/7 MP: 4/4
   245 | D:1      | Reached skill level 3 in Stealth
  1035 | D:2      | Reached XP level 2. HP: 11/11 MP: 0/6
  1054 | D:2      | Learned a level 2 spell: Call Imp
  1308 | D:2      | Found a faded altar of an unknown god.
  1467 | D:2      | Reached XP level 3. HP: 14/14 MP: 2/7
  1543 | D:2      | Learned a level 3 spell: Call Canine Familiar
  1627 | D:2      | Found a snail-covered altar of Cheibriados.
  2629 | D:3      | Killed from afar by an orc wizard

Skill      XL: |  1 |
---------------+----+-----
Stealth        | 4 |  4.0
Dodging        | |  2.6
Spellcasting   | |  2.8
Summonings     | |  4.6

Action                   || total
-------------------------++-------
 Cast: Summon Small Mamm ||    31
       Call Imp          ||    22
       Call Canine Famil ||    10
  Use: Potion            ||     1
  Eat: Chunk             ||    13
Dodge: Dodged            ||    25
